 Dungeon Crawl Stone Soup version 0.28.0-53-g5a82cb258f (webtiles) character file.

Game seed: 5004039788913863970

1218 pkoi the Zephyrmancer (level 8, -5/66 HPs)
             Began as a Demigod Air Elementalist on May 21, 2022.
             Slain by a killer bee zombie (6 damage)
             ... in an ossuary.
             The game lasted 00:07:09 (6907 turns).

pkoi the Zephyrmancer (Demigod Air Elementalist)    Turns: 6907, Time: 00:07:09

Health: -5/66      AC:  2    Str:  9    XL:     8   Next: 2%
Magic:  3/15       EV: 14    Int: 25    God:
Gold:   305        SH:  0    Dex: 14    Spells: 3/13 levels left

rFire   + . .      SeeInvis .   o - +5 dagger
rCold   + . .      Faith    .   (no shield)
rNeg    . . .      Spirit   .   a - +0 robe
rPois   .          Reflect  .   (no helmet)
rElec   .          Harm     .   e - scarf {rC+ rF+}
rCorr   .          Rampage  .   (no gloves)
Will    .....                   (no boots)
Stlth   ++........              (no amulet)
HPRegen 0.21/turn               (no ring)
MPRegen 0.14/turn               (no ring)

@: no status effects
A: high MP 1, forlorn, divine attributes
a: no special abilities


You were in an ossuary.
You visited 1 branch of the dungeon, and saw 5 of its levels.
You also visited: Ossuary.

You collected 305 gold pieces.

Inventory:

Hand Weapons
 b - a +0 whip
 o - a +5 dagger (weapon)
Missiles
 f - 6 atropa-tipped darts
 h - 5 poisoned darts
Armour
 a - a +0 robe (worn)
 e - a scarf of resistance (worn)
Magical Staves
 g - a staff of air
Jewellery
 l - a +6 ring of dexterity
Wands
 p - a wand of digging (7)
Scrolls
 k - a scroll of teleportation
Potions
 c - a potion of heal wounds {unknown}
 i - a potion of berserk rage
 m - a potion of degeneration {unknown}
 n - a potion of mutation {unknown}
 q - a potion of curing
 r - a potion of ambrosia {unknown}


   Skills:
 - Level 4.2 Fighting
 - Level 4.8 Dodging
 - Level 1.7 Stealth
 + Level 5.4 Unarmed Combat
 - Level 3.0 Spellcasting
 + Level 5.1 Conjurations
 * Level 8.6 Air Magic


You had 3 spell levels left.
You knew the following spells:

 Your Spells              Type           Power      Damage    Failure   Level
a - Shock                 Conj/Air       100%       1d9       1%          1
b - Static Discharge      Conj/Air       38%        N/A       1%          2
c - Swiftness             Air            46%        N/A       1%          3
d - Airstrike             Air            23%        N/A       3%          4

Your spell library contained the following spells:

 Spells                   Type           Power      Damage    Failure   Level
 Dazzling Flash           Conj/Hex       32%        N/A       11%         3
 Ensorcelled Hibernation  Hex/Ice        6%         N/A       16%         2
 Passwall                 Tmut/Erth      2%         N/A       16%         2
 Summon Guardian Golem    Hex/Summ       3%         N/A       30%         3
 Silence                  Hex/Air        12%        N/A       43%         5
 Agony                    Necr           3%         N/A       95%         5
 Orb of Destruction       Conj           14%        9d7       100%        7
 Spellforged Servitor     Conj/Summ      8%         N/A       100%        7


Dungeon Overview and Level Annotations

Branches:
Dungeon (5/15)             Temple (0/1) D:4         Ossuary (1/1)

Shops:
D:5 (


Innate Abilities, Weirdness & Mutations

You have an increased reservoir of magic. (+10% MP)
You shall have no god before yourself.
Your divine heritage dramatically boosts your attributes as you level up.


Message History

The water moccasin zombie is almost destroyed.
The water moccasin zombie misses you.
You puncture the water moccasin zombie!
You destroy the water moccasin zombie!
The killer bee zombie barely misses you.
You have reached level 8!
You hit the killer bee zombie.
The killer bee zombie is lightly damaged.
The killer bee zombie misses you.
You hit the killer bee zombie.
The killer bee zombie is heavily damaged.
The killer bee zombie barely misses you.
The killer bee zombie misses you.
You hit the killer bee zombie.
The killer bee zombie is heavily damaged.
The killer bee zombie misses you.
The killer bee zombie barely misses you.
You hit the killer bee zombie.
The killer bee zombie is severely damaged.
The killer bee zombie barely misses you.
The killer bee zombie closely misses you.
You closely miss the killer bee zombie.
The killer bee zombie is severely damaged.
The killer bee zombie barely misses you. x2
You hit the killer bee zombie.
The killer bee zombie is almost destroyed.
The killer bee zombie hits you!
* * * LOW HITPOINT WARNING * * *
You hit the killer bee zombie.
Your punch misses the killer bee zombie.
The killer bee zombie is almost destroyed.
The killer bee zombie closely misses you.
The killer bee zombie hits you.
* * * LOW HITPOINT WARNING * * *
You barely miss the killer bee zombie.
The killer bee zombie is almost destroyed.
The killer bee zombie hits you.
* * * LOW HITPOINT WARNING * * *
The killer bee zombie hits you.
You die...

#####
#..∩#
#.∩.#
#.@.#
##Z##
.Z.
#'#'#
#. .#
## ##


You could see a bullfrog zombie and a killer bee zombie.

Vanquished Creatures
  A yak (D:4)
  An ice beast (D:4)
  A centaur (D:5)
  2 water moccasin zombies (Ossuary)
  A killer bee zombie (Ossuary)
  3 mummies
  5 adders
  A worm (D:3)
  A dart slug (D:1)
  8 orcs
  9 ball pythons
  9 endoplasms
  2 giant cockroaches
  7 goblins
  7 hobgoblins
  7 jackals
  5 kobolds
  3 quokkas
  4 bats
  4 frilled lizards
  5 rats
86 creatures vanquished.

Vanquished Creatures (others)
  A plant (D:1)
  13 withered plants (Ossuary)
14 creatures vanquished.

Grand Total: 100 creatures vanquished

Notes
Turn   | Place    | Note
-------+----------+-------------------------------------------
     0 | D:1      | pkoi the Demigod Air Elementalist began the quest for the
                  | Orb.
     0 | D:1      | Reached XP level 1. HP: 14/14 MP: 5/5
   173 | D:1      | Reached skill level 3 in Air Magic
   416 | D:1      | Reached XP level 2. HP: 20/20 MP: 2/7
   837 | D:1      | Reached skill level 1 in Unarmed Combat
  1347 | D:2      | Reached XP level 3. HP: 18/26 MP: 5/8
  2865 | D:2      | Learned a level 2 spell: Static Discharge
  3147 | D:3      | Reached skill level 4 in Air Magic
  3289 | D:3      | Reached XP level 4. HP: 31/33 MP: 1/9
  3421 | D:3      | Learned a level 3 spell: Swiftness
  4554 | D:4      | Found a staircase to the Ecumenical Temple.
  4554 | D:4      | Noticed an acid dragon
  4984 | D:4      | Noticed an ice beast
  5081 | D:4      | Killed an ice beast
  5082 | D:4      | Reached skill level 1 in Conjurations
  5082 | D:4      | Reached XP level 5. HP: 8/38 MP: 0/11
  6143 | D:5      | Entered Level 5 of the Dungeon
  6143 | D:5      | Noticed a yak
  6187 | D:4      | Killed a yak
  6188 | D:4      | Reached skill level 5 in Air Magic
  6188 | D:4      | Reached XP level 6. HP: 8/45 MP: 0/13
  6436 | D:4      | Learned a level 4 spell: Airstrike
  6490 | D:5      | Found Vugoubba's Weapon Shoppe.
  6509 | D:5      | Found a sand-covered staircase.
  6521 | Ossuary  | Entered an ossuary
  6896 | Ossuary  | Reached skill level 5 in Unarmed Combat
  6896 | Ossuary  | Reached skill level 5 in Conjurations
  6896 | Ossuary  | Reached skill level 8 in Air Magic
  6896 | Ossuary  | Reached XP level 7. HP: 14/59 MP: 1/14
  6900 | Ossuary  | Reached XP level 8. HP: 16/66 MP: 2/15
  6907 | Ossuary  | HP: 1/66 [killer bee zombie (4)]
  6907 | Ossuary  | Slain by a killer bee zombie

Illustrated notes

Levels and vault maps discovered:
D:1:      zaba_arrival_water, layout_basic, serial_forest,
          infiniplex_forest_straight_5, infiniplex_forest_straight_1,
          infiniplex_forest_lined_corner, infiniplex_forest_lined_ring,
          infiniplex_forest_clump_diagonal, infiniplex_forest_end_3
D:2:      layout_basic
D:3:      layout_loops_ring, kennysheep_generic_room_14
D:4:      layout_basic, minmay_temple_entry_tees, corexii_checkpoint_a
D:5:      layout_cave_pools, gammafunk_ghost_mausoleum,
          gup_ossuary_entry_pyramid, serial_shops, shop_fountains,
          grunt_tough_drop, uniq_sigmund
Ossuary:  ossuary_zaba_flooded

Skill      XL: |  1  2  3  4  5  6 |
---------------+-------------------+-----
Air Magic      | 3 4 5 8 |  8.6
Unarmed Combat | 1 2 5 |  5.4
Spellcasting   | 2 3 |  3.0
Conjurations   | 1 5 |  5.1
Fighting       | 4 |  4.2
Dodging        | 4 |  4.8
Stealth        | |  1.7

Action                   |  1- 3 |  4- 6 |  7- 9 || total
-------------------------+-------+-------+-------++-------
Melee: Whip              |    13 |       |       ||    13
       Staff             |       |    12 |       ||    12
       Dagger            |       |    10 |    11 ||    21
       Unarmed           |       |     3 |       ||     3
       Punch             |       |     1 |       ||     1
Throw: Dart              |     4 |       |       ||     4
 Cast: Shock             |   100 |    69 |       ||   169
       Static Discharge  |       |    29 |       ||    29
  Use: Potion            |     3 |     1 |       ||     4
       Scroll            |       |     3 |       ||     3
Armor: Robe              |     4 |     6 |       ||    10
Dodge: Dodged            |    24 |    53 |    15 ||    92
